 Dungeon Crawl Stone Soup version 0.30-a0-567-gf7fd966b4a (webtiles) character file.

Game seed: 9483759111567246410

812 kipponium the Poker (level 7, 0/56 HPs)
             Began as a Gnoll Reaver on Dec 28, 2022.
             Killed by an exploding bullfrog (27 damage)
             ... ignited by their inner flame
             ... on level 6 of the Dungeon.
             The game lasted 00:16:20 (4197 turns).

kipponium the Poker (Gnoll Reaver)                  Turns: 4197, Time: 00:16:21

Health: 0/56       AC:  4    Str: 12    XL:     7   Next: 93%
Magic:  24/24      EV: 13    Int: 17    God:
Gold:   321        SH:  5    Dex: 15    Spells: 16/17 levels left

rFire   . . .      SeeInvis .    l - +2 trident
rCold   . . .      Faith    .    k - +0 buckler
rNeg    . . .      Spirit   .    b - +0 leather armour
rPois   .          Reflect  .    y - +1 hat
rElec   .          Harm     .    (no cloak)
rCorr   .          Rampage  .    q - +0 pair of gloves
Will    .....                    (no boots)
Stlth   ++                       (no amulet)
HPRegen 0.29/turn                a - +6 ring of intelligence
MPRegen 0.19/turn                w - ring of magical power

@: unable to drink
A: fangs 1, strong nose, distributed training, agile 1, deformed body, inability
to drink after injury 1
a: no special abilities


You were on level 6 of the Dungeon.
You visited 1 branch of the dungeon, and saw 8 of its levels.

You collected 321 gold pieces.

Inventory:

Hand Weapons
 l - a +2 trident (weapon)
Missiles
 j - 5 poisoned darts (quivered)
 s - 2 javelins
Armour
 b - a +0 leather armour (worn)
 k - a +0 buckler (worn)
 q - a +0 pair of gloves (worn)
 v - a +0 helmet
 y - a +1 hat (worn)
Jewellery
 a - a +6 ring of intelligence (left hand)
 w - a ring of magical power (right hand)
Wands
 f - a wand of light (1)
Scrolls
 g - 2 scrolls of fog
 m - a scroll of summoning {unknown}
 p - a scroll of vulnerability {unknown}
 z - a scroll of immolation
 A - a scroll of blinking {unknown}
 B - a scroll of brand weapon {unknown}
 C - a scroll of noise {unknown}
Potions
 c - a potion of flight
 i - 2 potions of brilliance
 n - 2 potions of attraction {unknown}
 o - 2 potions of lignification {unknown}
 u - a potion of invisibility
 x - 2 potions of heal wounds


   Skills:
 + Level 5.4 Fighting
 + Level 2.9 Short Blades
 + Level 2.9 Long Blades
 + Level 2.9 Axes
 + Level 2.9 Maces & Flails
 + Level 7.2 Polearms
 + Level 2.9 Staves
 + Level 2.9 Ranged Weapons
 + Level 2.9 Throwing
 + Level 2.9 Armour
 + Level 5.4 Dodging
 + Level 2.9 Stealth
 + Level 2.9 Shields
 + Level 2.9 Unarmed Combat
 + Level 5.8 Spellcasting
 + Level 6.0 Conjurations
 + Level 2.3 Hexes
 + Level 2.3 Summonings
 + Level 2.3 Necromancy
 + Level 2.3 Translocations
 + Level 2.3 Transmutations
 + Level 2.3 Fire Magic
 + Level 2.3 Ice Magic
 + Level 2.3 Air Magic
 + Level 2.3 Earth Magic
 + Level 2.3 Poison Magic
 + Level 3.2 Invocations
 + Level 2.9 Evocations


You had 16 spell levels left.
You knew the following spells:

 Your Spells              Type           Power      Damage    Failure   Level
a - Kiss of Death         Conj/Necr      76%        2d11      4%          1

Your spell library contained the following spells:

 Spells                   Type           Power      Damage    Failure   Level
 Momentum Strike          Conj/Tloc      38%        3d9       6%          2
 Static Discharge         Conj/Air       38%        2-4/arc   6%          2
 Hailstorm                Conj/Ice       19%        3d6       12%         3
 Vhi's Electric Charge    Tloc/Air       26%        N/A       24%         3
 Arcjolt                  Conj/Air       9%         1d19      73%         5
 Lightning Bolt           Conj/Air       9%         1d22      73%         5


Dungeon Overview and Level Annotations

Branches:
Dungeon (8/15)
 Temple: D:4-7         Lair: D:8-11

Altars:

Shops:
D:2 =

Annotations:
D:5 Grinder
D:8 Maurice


Innate Abilities, Weirdness & Mutations

You have very sharp teeth.
Your uncanny sense of smell can sniff out nearby items.
Your experience applies equally to all skills.
You are agile. (Dex +4, Str/Int -1)
Armour fits poorly on your strangely shaped body.
You occasionally lose the ability to drink potions when taking damage.


Message History

A bullfrog comes into view.
A gnoll sergeant comes into view.
It is wielding a +1 trident of protection.
You block the bullfrog's attack. The bullfrog hits you.
Really read the scroll of immolation?
As you read the scroll of immolation, it crumbles to dust.
The creatures around you are filled with an inner flame!
The bullfrog hits you!
Aiming: Bolt of Light
Press: ? - help, Shift-Dir - straight line, f - gnoll
Aim: a gnoll, wielding a +0 whip (inner flame, 75% to hit)
The bolt of light hits the gnoll sergeant.
Flame seeps out of the gnoll sergeant.
The gnoll sergeant is lightly wounded.
The gnoll sergeant is blinded.
The bolt of light hits the gnoll! x2
Flame seeps out of the gnoll.
The gnoll is almost dead.
The gnoll is blinded.
The gnoll explodes!
The fiery explosion engulfs the gnoll!!!
The fiery explosion engulfs the gnoll!!
The fiery explosion engulfs the gnoll sergeant!!
The fiery explosion engulfs the gnoll!!!
The gnoll explodes!
The gnoll sergeant explodes!
The gnoll explodes! x2
The bullfrog hits you. x2
Your Conjurations skill increases to level 6!
The bullfrog attacks as you move away! The bullfrog misses you.
You hit the bullfrog.
Flame seeps out of the bullfrog.
The bullfrog is moderately wounded.
The bullfrog is engulfed in blazing flames.
Flame seeps out of the bullfrog.
The bullfrog misses you.
The bullfrog is engulfed in blazing flames.
Flame seeps out of the bullfrog.
The bullfrog hits you!
As you read the scroll of fear, it crumbles to dust.
You assume a fearsome visage.
The gnoll looks frightened!
The bullfrog looks frightened!
The bullfrog is engulfed in blazing flames.
The bullfrog explodes!
The fiery explosion engulfs you!!
You feel threatened and lose the ability to drink potions!
You die...

##.##
##...##
#§§§..#
§)8g.
#§§§#
#)§§#
#§>§#
#§§.#
#°@.#
+.§.8...+
##.....##
##...##
##.## #.#
#.. ###


You could see a gnoll (inner flame, fleeing).

Vanquished Creatures
  Prince Ribbit (D:7)
  A phantom (D:4)
  A necrophage (D:4)
  A gnoll sergeant (D:6)
  A bullfrog (D:6)
  A killer bee (D:4)
  A hound (D:4)
  A jelly (D:3)
  3 iguanas (D:4)
  2 orc wizards (D:8)
  Robin (D:3)
  4 gnolls (D:6)
  5 adders
  A white imp (D:7)
  2 worms
  3 dart slugs
  3 orcs
  3 bats
  8 endoplasms
  18 goblins
  9 hobgoblins
  6 jackals
  8 kobolds
  3 quokkas
  3 ball pythons (D:3)
  A frilled lizard (D:2)
  4 rats
95 creatures vanquished.

Notes
Turn   | Place    | Note
-------+----------+-------------------------------------------
     0 | D:1      | kipponium the Gnoll Reaver began the quest for the Orb.
     0 | D:1      | Reached XP level 1. HP: 20/20 MP: 6/6
   210 | D:1      | Reached XP level 2. HP: 22/26 MP: 7/7
   598 | D:1      | Reached skill level 5 in Spellcasting
   598 | D:1      | Reached XP level 3. HP: 27/31 MP: 7/9
   612 | D:1      | Reached skill level 1 in Invocations
   652 | D:2      | Reached skill level 1 in Short Blades
   652 | D:2      | Reached skill level 1 in Long Blades
   652 | D:2      | Reached skill level 1 in Axes
   652 | D:2      | Reached skill level 1 in Maces & Flails
   652 | D:2      | Reached skill level 1 in Staves
   652 | D:2      | Reached skill level 1 in Ranged Weapons
   652 | D:2      | Reached skill level 1 in Throwing
   652 | D:2      | Reached skill level 1 in Armour
   652 | D:2      | Reached skill level 1 in Stealth
   652 | D:2      | Reached skill level 1 in Shields
   652 | D:2      | Reached skill level 1 in Unarmed Combat
   652 | D:2      | Reached skill level 1 in Evocations
   893 | D:2      | Found Kuwog's Jewellery Emporium.
   919 | D:2      | Reached XP level 4. HP: 36/38 MP: 11/11
  1152 | D:3      | Reached skill level 1 in Hexes
  1152 | D:3      | Reached skill level 1 in Summonings
  1152 | D:3      | Reached skill level 1 in Necromancy
  1152 | D:3      | Reached skill level 1 in Translocations
  1152 | D:3      | Reached skill level 1 in Transmutations
  1152 | D:3      | Reached skill level 1 in Fire Magic
  1152 | D:3      | Reached skill level 1 in Ice Magic
  1152 | D:3      | Reached skill level 1 in Air Magic
  1152 | D:3      | Reached skill level 1 in Earth Magic
  1152 | D:3      | Reached skill level 1 in Poison Magic
  1160 | D:3      | Noticed Robin
  1353 | D:3      | Reached XP level 5. HP: 32/43 MP: 12/12
  1558 | D:3      | Killed Robin
  2220 | D:4      | Reached XP level 6. HP: 50/50 MP: 14/14
  2279 | D:4      | Reached skill level 5 in Fighting
  2279 | D:4      | Reached skill level 5 in Dodging
  3157 | D:4      | HP: 1/51 [killer bee (2)]
  3160 | D:4      | Reached skill level 7 in Polearms
  3160 | D:4      | Reached XP level 7. HP: 13/50 MP: 15/15
  3518 | D:5      | Entered Level 5 of the Dungeon
  3518 | D:5      | Noticed Grinder
  3541 | D:5      | You fall into a shaft and drop 3 floors!
  3612 | D:7      | Noticed a yak
  3612 | D:7      | Noticed a yak
  3612 | D:7      | Noticed a yak
  3612 | D:7      | Noticed a yak
  3612 | D:7      | Noticed a yak
  3612 | D:7      | Noticed a yak
  3682 | D:7      | Noticed Prince Ribbit
  3706 | D:8      | Noticed Maurice
  3748 | D:8      | Noticed a cyclops
  4000 | D:8      | Gained mutation: Armour fits poorly on your strangely
                  | shaped body. [potion of mutation]
  4000 | D:8      | Gained mutation: You occasionally lose the ability to drink
                  | potions when taking damage. [potion of mutation]
  4000 | D:8      | Gained mutation: You are agile. (Dex +4, Str/Int -1)
                  | [potion of mutation]
  4042 | D:7      | Killed Prince Ribbit
  4197 | D:6      | Killed by an exploding bullfrog... ignited by their inner
                  | flame

Illustrated notes

Levels and vault maps discovered:
D:1:      mrwooster_arrival_statue, layout_rooms
D:2:      layout_rooms, serial_shops, nicolae_shop_hallway_plus
D:3:      layout_loops_ring, nicolae_elevator_lobby_plus, uniq_robin
D:4:      minmay_wonky_spiral, layout_loops_ring, corexii_shack,
          kennysheep_cluttered_room
D:5:      layout_loops_ring, nemelex_dance_club_becter,
          minmay_temple_entry_glass, uniq_blork_the_orc, uniq_grinder,
          uniq_menkaure
D:6:      layout_basic, grunt_ministairs_15, serial_bayou_lagoon_a,
          kennysheep_donut
D:7:      layout_basic, serial_glass, glass_columns_a, glass_columns_a,
          item_on_display_a, chequers_serial_rivers_small_b,
          minmay_mini_ossuary, uniq_prince_ribbit1
D:8:      layout_rooms, uniq_maurice

Skill      XL: |  1  2  3  4  5  6  7 |
---------------+----------------------+-----
Spellcasting   | 5 |  5.8
Invocations    | 1 2 3 |  3.2
Short Blades   | 1 2 |  2.9
Long Blades    | 1 2 |  2.9
Axes           | 1 2 |  2.9
Maces & Flails | 1 2 |  2.9
Staves         | 1 2 |  2.9
Ranged Weapons | 1 2 |  2.9
Throwing       | 1 2 |  2.9
Armour         | 1 2 |  2.9
Stealth        | 1 2 |  2.9
Shields        | 1 2 |  2.9
Unarmed Combat | 1 2 |  2.9
Evocations     | 1 2 |  2.9
Hexes          | 1 2 |  2.3
Summonings     | 1 2 |  2.3
Necromancy     | 1 2 |  2.3
Translocations | 1 2 |  2.3
Transmutations | 1 2 |  2.3
Fire Magic     | 1 2 |  2.3
Ice Magic      | 1 2 |  2.3
Air Magic      | 1 2 |  2.3
Earth Magic    | 1 2 |  2.3
Poison Magic   | 1 2 |  2.3
Fighting       | 5 |  5.4
Dodging        | 5 |  5.4
Polearms       | 7 |  7.2
Conjurations   | 6 |  6.0

Action                   |  1- 3 |  4- 6 |  7- 9 || total
-------------------------+-------+-------+-------++-------
Melee: Spear             |    28 |       |       ||    28
       Bite              |     5 |    22 |     1 ||    28
       Trident           |    69 |   226 |    12 ||   307
       Unarmed           |       |     3 |       ||     3
Throw: Javelin           |       |     4 |       ||     4
       Dart              |       |     5 |       ||     5
 Cast: Kiss of Death     |       |     1 |     1 ||     2
Evoke: Wand              |       |       |     7 ||     7
  Use: Potion            |       |     4 |     2 ||     6
       Scroll            |       |       |    12 ||    12
 Stab: Sleeping          |     1 |     3 |     2 ||     6
Armor: Leather armour    |    17 |    45 |     1 ||    63
       Skin              |       |     2 |       ||     2
Dodge: Dodged            |    51 |    96 |     6 ||   153
Block: Buckler           |     3 |    32 |     1 ||    36

Table legend: (Time is in decaauts)
 A = Elapsed time spent in this place.
 B = Non-inter-level travel time spent in this place.
 C = Inter-level travel time spent in this place.
 D = Time resting spent in this place.
 E = Time spent auto-exploring this place.
 F = Levels seen in this place.
 G = Mean time per level.
                   A        B        C        D        E       F      G
               +--------+--------+--------+--------+--------+-----+--------+
         Total |   4167 |   3937 |    230 |    604 |   2351 |   8 |  520.9 |
       Dungeon |   4167 |   3937 |    230 |    604 |   2351 |   8 |  520.9 |
               +--------+--------+--------+--------+--------+-----+--------+

Top non-repeatable levels by time:
     D:4: 1556 daAuts
     D:3: 914 daAuts
     D:1: 617 daAuts
     D:8: 490 daAuts
     D:2: 413 daAuts
     D:7: 158 daAuts
     D:5: 9 daAuts
     D:6: 6 daAuts
